 Dungeon Crawl Stone Soup version 0.28-a0-691-gad6df49e81 (webtiles) character file.

Game seed: 338999446220688905

93 siradein the Firebug (level 4, 0/30 HPs)
             Began as a Demonspawn Fire Elementalist on Oct 22, 2021.
             Slain by a water moccasin zombie (7 damage)
             ... on level 3 of the Dungeon.
             The game lasted 00:05:19 (2849 turns).

siradein the Firebug (Demonspawn Fire Elementalist) Turns: 2849, Time: 00:05:19

Health: 0/30       AC:  4    Str:  9    XL:     4   Next: 37%
Magic:  2/8        EV: 15    Int: 17    God:
Gold:   44         SH:  0    Dex: 13    Spells: 2/8 levels left

rFire   . . .      SeeInvis .   b - +0 short sword
rCold   . . .      Faith    .   (no shield)
rNeg    . . .      Spirit   .   f - +0 leather armour
rPois   +          Reflect  .   (no helmet)
rElec   .          Harm     .   (no cloak)
rCorr   .          Rampage  .   (no gloves)
Will    +....                   e - +0 pair of boots
Stlth   ++........              (no amulet)
HPRegen 0.10/turn               h - ring of poison resistance
MPRegen 0.11/turn               i - ring of willpower

@: no status effects
A: repulsion field 2
a: no special abilities


You were on level 3 of the Dungeon.
You visited 1 branch of the dungeon, and saw 3 of its levels.

You collected 44 gold pieces.

Inventory:

Hand Weapons
 b - a +0 short sword (weapon)
Armour
 e - a +0 pair of boots (worn)
 f - a +0 leather armour (worn)
Jewellery
 h - a ring of poison resistance (left hand)
 i - a ring of willpower (right hand)
 k - an amulet of faith
Scrolls
 c - a scroll of enchant armour {unknown}
 d - a scroll of vulnerability {unknown}
 j - a scroll of identify {unknown}
 l - a scroll of fear {unknown}
Potions
 a - a potion of flight {unknown}
 g - a potion of degeneration {unknown}
 m - a potion of lignification {unknown}


   Skills:
 + Level 2.6 Dodging
 - Level 1.7 Stealth
 + Level 2.7 Spellcasting
 + Level 2.2 Conjurations
 + Level 3.3 Fire Magic


You had 2 spell levels left.
You knew the following spells:

 Your Spells              Type           Power      Damage    Failure   Level
a - Foxfire               Conj/Fire      44%        2x1d6     9%          1
b - Scorch                Fire           26%        2d6       10%         2
c - Conjure Flame         Conj/Fire      11%        6-21      24%         3

Your spell library contained the following spells:

 Spells                   Type           Power      Damage    Failure   Level
 Ensorcelled Hibernation  Hex/Ice        4%         N/A       36%         2
 Inner Flame              Hex/Fire       7%         N/A       36%         3
 Gell's Gravitas          Tloc           1%         N/A       58%         3
 Lesser Beckoning         Tloc           2%         N/A       58%         3
 Teleport Other           Tloc           2%         N/A       58%         3
 Tukima's Dance           Hex            2%         N/A       58%         3
 Flame Wave               Conj/Fire      11%        3d4       63%         4


Dungeon Overview and Level Annotations

Branches:
Dungeon (3/15)

Altars:

Shops:
D:2 (


Innate Abilities, Weirdness & Mutations

You are surrounded by a moderate repulsion field. (EV +3)


Message History

You hit the ufetubus.
The ufetubus is heavily wounded.
The foxfire hits the quokka.
The quokka is almost dead.
The foxfire hits the quokka.
You kill the quokka!
The ufetubus barely misses you. The ufetubus hits you.
Casting: Foxfire (safe; 9% risk of failure)
Press: ? - help, Q - select action, (/) - cycle Dir - look around, f - activate You conjure some foxfire!
The ufetubus completely misses you. The ufetubus barely misses you.
The water moccasin zombie closely misses you.
The ufetubus closely misses you. The ufetubus barely misses you.
You are too injured to fight recklessly!
You barely miss the water moccasin zombie.
The water moccasin zombie is heavily damaged.
The foxfire hits the water moccasin zombie.
The water moccasin zombie is severely damaged.
The foxfire hits the water moccasin zombie.
The water moccasin zombie is severely damaged.
The water moccasin zombie misses you. The ufetubus barely misses you. x2
The water moccasin zombie bites you but does no damage.
Casting: Foxfire (safe; 9% risk of failure)
Press: ? - help, Q - select action, (/) - cycle Dir - look around, f - activate You conjure some foxfire!
The ufetubus closely misses you.
The ufetubus hits you but does no damage.
The ufetubus misses you. The ufetubus closely misses you.
The water moccasin zombie bites you.
* * * LOW HITPOINT WARNING * * *
You hit the water moccasin zombie but do no damage.
The water moccasin zombie is severely damaged.
The foxfire hits the water moccasin zombie.
The water moccasin zombie is severely damaged.
The foxfire hits the water moccasin zombie.
The water moccasin zombie is almost destroyed.
The ufetubus hits you.
* * * LOW HITPOINT WARNING * * *
The ufetubus closely misses you. The water moccasin zombie bites you!
You die...

## $. ..# #.# #.# ##..
####.###... ####.(.
........# ....... #.....#
####### #.....## #
#..§)Z!# ##
#..###..§@#.#.#.#g .#
#........#5....... ##
#..####..##.......
########..####..# ..>.$..
................# .......
###...###.####..# .......
#......##.# #..# .......
...†....#.####..# .......
................##.#.#.#.


You could see an ufetubus and a water moccasin zombie.

Vanquished Creatures
  2 adders
  A worm (D:2)
  2 dart slugs
  5 ball pythons
  10 endoplasms
  4 giant cockroaches
  10 goblins
  5 hobgoblins
  2 jackals (D:2)
  4 kobolds
  3 quokkas
  7 bats
  3 rats
58 creatures vanquished.

Vanquished Creatures (others)
  96 foxfires
96 creatures vanquished.

Grand Total: 154 creatures vanquished

Notes
Turn   | Place    | Note
-------+----------+-------------------------------------------
     0 | D:1      | siradein the Demonspawn Fire Elementalist began the quest
                  | for the Orb.
     0 | D:1      | Reached XP level 1. HP: 13/13 MP: 3/3
   189 | D:1      | Gained mutation: You are surrounded by a mild repulsion
                  | field. (EV +2) [demonic ancestry]
   189 | D:1      | Reached XP level 2. HP: 16/19 MP: 0/5
   666 | D:1      | Reached skill level 3 in Fire Magic
   793 | D:1      | Reached XP level 3. HP: 24/24 MP: 4/6
  1051 | D:1      | Learned a level 2 spell: Scorch
  1055 | D:1      | Learned a level 3 spell: Conjure Flame
  1900 | D:2      | Found Ryfos's Weapon Shoppe.
  2365 | D:2      | Gained mutation: You are surrounded by a moderate repulsion
                  | field. (EV +3) [demonic ancestry]
  2365 | D:2      | Reached XP level 4. HP: 30/30 MP: 7/7
  2849 | D:3      | Slain by a water moccasin zombie

Illustrated notes

Levels and vault maps discovered:
D:1:      doesnt_arrival_eight_statues, layout_basic
D:2:      layout_loops_ring, serial_shops, shop, minmay_misc_feat_enclosed
D:3:      layout_loops_ring, st_stairs_4, nrook_mini_backslash

Skill      XL: |  1  2  3 |
---------------+----------+-----
Dodging        | 2 |  2.6
Fire Magic     | 3 |  3.3
Conjurations   | 2 |  2.2
Stealth        | |  1.7
Spellcasting   | |  2.7

Action                   |  1- 3 |  4- 6 || total
-------------------------+-------+-------++-------
Melee: Short sword       |    85 |    26 ||   111
 Cast: Foxfire           |    44 |    16 ||    60
 Stab: Sleeping          |     2 |     1 ||     3
Armor: Robe              |     8 |       ||     8
       Leather armour    |    20 |     8 ||    28
Dodge: Dodged            |    87 |    47 ||   134

Table legend: (Time is in decaauts)
 A = Elapsed time spent in this place.
 B = Non-inter-level travel time spent in this place.
 C = Inter-level travel time spent in this place.
 D = Time resting spent in this place.
 E = Time spent auto-exploring this place.
 F = Levels seen in this place.
 G = Mean time per level.
                   A        B        C        D        E       F      G
               +--------+--------+--------+--------+--------+-----+--------+
         Total |   2857 |   2786 |     71 |      0 |   2368 |   3 |  952.3 |
       Dungeon |   2857 |   2786 |     71 |      0 |   2368 |   3 |  952.3 |
               +--------+--------+--------+--------+--------+-----+--------+

Top non-repeatable levels by time:
     D:2: 1288 daAuts
     D:1: 1160 daAuts
     D:3: 409 daAuts
